 Dungeon Crawl Stone Soup version 0.19-a0-816-geccf914 (webtiles) character file.

1215 Musica the Ruffian (level 8, -3/81 HPs)
             Began as a Troll Monk on June 29, 2016.
             Was a Believer of Hepliaklqana.
             Slain by a wasp zombie (5 damage)
             ... on level 7 of the Dungeon.
             The game lasted 00:14:31 (4680 turns).

Musica the Ruffian (Troll Monk)                     Turns: 4680, Time: 00:14:32

Health: -3/81      AC:  9    Str: 22    XL:     8   Next: 22%
Magic:  7/7        EV: 11    Int:  6    God:    Hepliaklqana [**....]
Gold:   306        SH:  0    Dex: 14    Spells: 1 memorised, 6 levels left

rFire  . . .     SeeInvis .       - Unarmed
rCold  . . .     Gourm    +     a - +1 robe
rNeg   . . .     Faith    .     (no shield)
rPois  .         Spirit   .     (helmet restricted)
rElec  .         Dismiss  .     u - +0 cloak
rCorr  .         Reflect  .     (gloves unavailable)
SustAt .         Harm     .     (boots unavailable)
MR     .....     Clarity  +     e - amulet of inaccuracy (curse)
Stlth  ++........               (no ring)
                                l - +2 ring of protection

@: lethally poisoned (-3 -> -3), not resistant to hostile enchantments,
unstealthy
A: unfitting armour, claws 3, clarity, fast metabolism 3, gourmand, regeneration
2, shaggy fur 1, strong 1, tough skin 2, no device heal 1
a: Recall Ancestor, Ancestor Identity, Renounce Religion


You were on level 7 of the Dungeon.
You worshipped Hepliaklqana.
Hepliaklqana was pleased with you.
You were not hungry.

You visited 2 branches of the dungeon, and saw 9 of its levels.

You collected 306 gold pieces.

Inventory:

Missiles
 f - 6 tomahawks (quivered)
Armour
 a - a +1 robe (worn)
 u - a +0 cloak (worn)
Rods
 v - a +0 rod of shadows (10/10)
   (You found it on level 6 of the Dungeon)
Jewellery
 e - a cursed amulet of inaccuracy (around neck)
 l - a +2 ring of protection (left claw)
Wands
 r - a wand of polymorph (7/24)
Scrolls
 d - 5 scrolls of identify
 i - 3 scrolls of recharging
 j - 2 scrolls of enchant armour
 m - 2 scrolls of teleportation
 s - a scroll of fog
Potions
 g - a potion of cure mutation
Books
 n - a Necronomicon

   Spells                             Type                      Level
   a - Haunt                          Necromancy/Summoning         7
   b - Borgnjor's Revivification      Necromancy                   8
   c - Death's Door                   Charms/Necromancy            8
   d - Infestation                    Necromancy                   8
   e - Necromutation                  Transmutation/Necromancy     8
 q - a book of Beasts

   Spells                             Type                      Level
   a - Summon Butterflies             Summoning                    1
   b - Call Canine Familiar           Summoning                    3
   c - Summon Ice Beast               Ice/Summoning                4
   d - Summon Mana Viper              Hexes/Summoning              5
   e - Summon Hydra                   Summoning                    7
 t - the Guide on Dislocation
   (You found it on level 7 of the Dungeon)

   Spells                             Type                      Level
   a - Gell's Gravitas                Hexes/Translocation          3
   b - Recall                         Summoning/Translocation      3
   c - Portal Projectile              Translocation                3
   d - Warp Weapon                    Charms/Translocation         5
   e - Summon Forest                  Summoning/Translocation      5
Comestibles
 b - 6 bread rations
 c - 2 slices of pizza
 k - 2 meat rations
 o - 2 beef jerkies


   Skills:
 + Level 5.5 Fighting
 + Level 2.1 Throwing
 - Level 3.0 Dodging
 - Level 1.2 Stealth
 + Level 7.6 Unarmed Combat


You had 6 spell levels left.
You knew the following spells:

 Your Spells              Type           Power        Failure   Level  Hunger
a - Summon Butterflies    Summ           #.......     52%         1    ##.....


Dungeon Overview and Level Annotations

Branches:
Dungeon (8/15)             Temple (1/1) D:6
   Lair: D:8-11

Altars:
Dithmenos
Elyvilon
Fedhas
Gozag
Hepliaklqana
Kikubaaqudgha
Makhleb
Nemelex Xobeh
Okawaru
Pakellas
Qazlal
Ru
Sif Muna
Trog
Vehumet
Xom
Yredelemnul
Zin
The Shining One


Innate Abilities, Weirdness & Mutations

You are too large for most types of armour.
You have claws for hands.
Your metabolism is lightning-fast.
You like to eat raw meat.
You heal very quickly.
You are covered in fur. (AC +1)
You have very tough skin. (AC +2)
You possess an exceptional clarity of mind.
Your muscles are strong. (Str +2)
Potions and wands are less effective at restoring your health.


Message History

The wasp zombie hits you but does no damage.
You feel sick.
You see here 24 stones.
You feel sick.
The wasp zombie hits you but does no damage.
You feel sick. The wasp zombie hits you.
* * * LOW HITPOINT WARNING * * *
You feel sick. The wasp zombie hits you.
* * * LOW HITPOINT WARNING * * *
You feel sick. The wasp zombie hits you.
* * * LOW HITPOINT WARNING * * *
You barely miss the wasp zombie.
The wasp zombie hits you but does no damage.
You claw the wasp zombie!
The wasp zombie hits you but does no damage.
You closely miss the wasp zombie.
You feel sick. The wasp zombie hits you.
You die...

#######################
#......FZ@.............
#.##########........#
#.# ####........+ #.#
#...........## # #.#
#.>....##..#.#.### #.#
#......##......... #(#
#......###...#.## #.#
#......##..#.....# #.#
####....#..#......


You could see a giant frog and a wasp zombie.

Vanquished Creatures
  Grinder (D:3)
  A sky beast (D:5)
  A black bear (D:6)
  A centaur (D:6)
  A giant frog (D:5)
  A scorpion (D:4)
  3 killer bees (D:7)
  A howler monkey (D:4)
  A crimson imp (D:5)
  An orc priest (D:5)
  Crazy Yiuf (D:5)
  A giant frog skeleton (D:5)
  2 worker ants (D:4)
  A hound skeleton (D:5)
  A worker ant zombie (D:6)
  7 adders
  A howler monkey skeleton (D:4)
  An ooze (D:2)
  A worm (D:3)
  A dart slug (D:3)
  3 giant geckos
  6 orcs
  9 bats
  5 giant cockroaches
  12 goblins
  3 hobgoblins (D:2)
  8 jackals
  3 giant gecko skeletons (D:4)
  6 giant newts
  8 kobolds
  4 rats
96 creatures vanquished.

Vanquished Creatures (collateral kills)
  An ice beast (D:6)
  A killer bee (D:7)
2 creatures vanquished.

Vanquished Creatures (others)
  An elf (D:5)
  A knight (D:7)
2 creatures vanquished.

Grand Total: 100 creatures vanquished

Notes
Turn   | Place    | Note
--------------------------------------------------------------
     0 | D:1      | Musica the Troll Monk began the quest for the Orb.
     0 | D:1      | Reached XP level 1. HP: 22/22 MP: 0/0
    87 | D:1      | Reached XP level 2. HP: 20/29 MP: 1/1
   580 | D:1      | Reached XP level 3. HP: 31/36 MP: 2/2
   985 | D:2      | Found a sacrificial altar of Ru.
  1169 | D:2      | Found a deep blue altar of Sif Muna.
  1263 | D:2      | Reached XP level 4. HP: 44/44 MP: 3/3
  1551 | D:2      | Reached skill level 4 in Unarmed Combat
  1745 | D:3      | Noticed Grinder
  1759 | D:3      | Killed Grinder
  1759 | D:3      | Reached skill level 5 in Unarmed Combat
  1759 | D:3      | Reached XP level 5. HP: 29/54 MP: 4/4
  1759 | D:3      | Reached XP level 6. HP: 33/62 MP: 5/5
  2160 | D:3      | Found an ancient bone altar of Kikubaaqudgha.
  2330 | D:3      | Found a radiant altar of Vehumet.
  2330 | D:3      | Found a shimmering altar of Xom.
  2404 | D:4      | Learned a level 1 spell: Summon Butterflies
  2463 | D:4      | Gained mutation: Potions and wands are less effective at restoring your health. [potion of mutation]
  2463 | D:4      | Gained mutation: Your muscles are strong. (Str +2) [potion of mutation]
  2463 | D:4      | Gained mutation: You possess an exceptional clarity of mind. [potion of mutation]
  2535 | D:5      | Entered Level 5 of the Dungeon
  2854 | D:4      | Found a sparkling altar of Nemelex Xobeh.
  3143 | D:5      | Reached skill level 6 in Unarmed Combat
  3302 | D:5      | Reached XP level 7. HP: 71/71 MP: 6/6
  3382 | D:5      | Found an ancient bone altar of Kikubaaqudgha.
  3399 | D:5      | Reached skill level 1 in Throwing
  3451 | D:5      | Found an oddly glowing altar of Pakellas.
  3451 | D:5      | Noticed an elf
  3460 | D:5      | Killed an elf
  3460 | D:5      | Noticed a primal batshock beast
  3593 | D:5      | Found a runed door.
  3754 | D:5      | Noticed Crazy Yiuf
  3757 | D:5      | Killed Crazy Yiuf
  3856 | D:7      | Identified the Guide on Dislocation
  3977 | D:6      | Found a staircase to the Ecumenical Temple.
  3987 | Temple   | Entered the Ecumenical Temple
  4007 | Temple   | Became a worshipper of Hepliaklqana
  4007 | Temple   | Reached * piety under Hepliaklqana
  4007 | Temple   | Reached ** piety under Hepliaklqana
  4008 | Temple   | Remembered your ancestor Roberta as a knight
  4128 | D:6      | Reached skill level 5 in Fighting
  4231 | D:6      | Reached skill level 7 in Unarmed Combat
  4391 | D:6      | Reached XP level 8. HP: 70/80 MP: 7/7
  4412 | D:6      | Found a blossoming altar of Fedhas.
  4660 | D:7      | HP: 2/81 [wasp zombie (3)]
  4666 | D:7      | HP: 3/81 [poisoned by a killer bee]
  4671 | D:7      | HP: 2/81 [wasp zombie (3)]
  4676 | D:7      | HP: 2/81 [poisoned by a killer bee]
  4680 | D:7      | Slain by a wasp zombie

Vault maps used:
D:1:      shiori_arrival_oz
D:2:      nicolae_overflow_crystal_walls, first_bread, led_sif_pool
D:3:      nicolae_overflow_hidden_temple, gammafunk_temple_overflow_statue,
          uniq_grinder
D:4:      minmay_diamond_boxcup, nemelex_diamond_rough_becter
D:5:      basic_altar, gammafunk_pakellas_its_alive, uniq_crazy_yiuf_cottage
D:6:      basic_altar, minmay_misc_feat_encased
D:7:      old_standard_altar, serial_shops, shop, minmay_fire_ice_demons
D:8:      cheibriados_altar_1, grunt_lair_entry_orc_guard_hut, uniq_erolcha
Temple:   eino_temple_lava

Skill      XL: |  1  2  3  4  5  6  7  8 |
---------------+-------------------------+-----
Dodging        | 3 |  3.0
Unarmed Combat | 5 6 7 |  7.6
Fighting       | 3 4 5 |  5.5
Throwing       | 1 2 |  2.1
Stealth        | |  1.2

Action                   |  1- 3 |  4- 6 |  7- 9 || total
-------------------------+-------+-------+-------++-------
Melee: Unarmed           |   142 |   149 |   104 ||   395
       Punch             |       |     3 |       ||     3
Throw: Tomahawk          |       |     9 |     4 ||    13
       Throwing net      |       |       |     4 ||     4
Invok: Ancestor Life: Kn |       |       |     1 ||     1
Evoke: Wand              |       |       |     1 ||     1
  Use: Scroll            |     5 |     3 |     3 ||    11
       Potion            |     2 |     4 |     3 ||     9
 Stab: Sleeping          |     2 |     1 |     1 ||     4
       Distracted        |       |     1 |       ||     1
  Eat: Chunk             |    17 |    13 |    10 ||    40
Armor: Robe              |    52 |    59 |    48 ||   159
Dodge: Dodged            |    99 |    73 |    79 ||   251
